 Dungeon Crawl Stone Soup version 0.21.1-1-g345015f (webtiles) character file.

79 sking99 the Grave Robber (level 4, 25/36 HPs)
             Began as a Deep Dwarf Necromancer on June 24, 2018.
             Quit the game on level 2 of the Dungeon.
             The game lasted 00:05:47 (1486 turns).

sking99 the Grave Robber (Deep Dwarf Necromancer)   Turns: 1486, Time: 00:05:48

Health: 25/36      AC:  4    Str: 12    XL:     4   Next: 16%
Magic:  7/7        EV: 12    Int: 16    God:
Gold:   38         SH:  0    Dex: 13    Spells: 2/7 levels left

rFire    . . .     SeeInvis .   d - +0 mace
rCold    . . .     Gourm    .   (no shield)
rNeg     . . .     Faith    .   a - +0 robe
rPois    .         Spirit   .   f - +1 hat
rElec    .         Reflect  .   k - +0 cloak
rCorr    .         Harm     .   (no gloves)
MR       .....                  (no boots)
Stlth    ++........             (no amulet)
HPRegen  0.00/turn              (no ring)
MPRegen  0.10/turn              (no ring)

@: non-regenerating
A: damage resistance, heal wounds, sense surroundings 1, no regeneration
a: Heal Wounds


You were on level 2 of the Dungeon.
You were not hungry.

You visited 1 branch of the dungeon, and saw 2 of its levels.

You collected 38 gold pieces.

Inventory:

Hand Weapons
 d - a +0 mace (weapon)
Armour
 a - a +0 robe (worn)
 f - a +1 hat (worn)
 k - a +0 cloak (worn)
Scrolls
 g - 4 scrolls of amnesia {unknown}
 h - 2 scrolls of identify {unknown}
 j - a scroll of teleportation {unknown}
 l - a scroll of enchant weapon {unknown}
 m - a scroll of noise {unknown}
Potions
 e - a potion of degeneration {unknown}
 i - 4 potions of ambrosia {unknown}
Books
 b - a book of Necromancy

   Spells                             Type                      Level
   a - Pain                           Necromancy                   1
   b - Animate Skeleton               Necromancy                   1
   c - Vampiric Draining              Necromancy                   3
   d - Regeneration                   Charms/Necromancy            3
   e - Animate Dead                   Necromancy                   4
   f - Borgnjor's Vile Clutch         Necromancy/Earth             5
Comestibles
 c - 4 rations
 n - 9 chunks of flesh


   Skills:
 - Level 2.2 Dodging
 - Level 2.5 Stealth
 + Level 2.4 Spellcasting
 * Level 5.7 Necromancy


You had 2 spell levels left.
You knew the following spells:

 Your Spells              Type           Power        Failure   Level  Hunger
a - Pain                  Necr           ###.         1%          1    #......
b - Animate Skeleton      Necr           N/A          1%          1    #......
c - Vampiric Draining     Necr           ###.......   5%          3    ###....


Dungeon Overview and Level Annotations

Branches:
Dungeon (2/15)

Altars:


Innate Abilities, Weirdness & Mutations

You are resistant to damage.
You can heal yourself by infusing magical energy.
You passively map a small area around you.
You do not regenerate.


Message History

You butcher the bat corpse.
n - 9 chunks of flesh (gained 1)
You butcher the bat corpse.
n - 10 chunks of flesh (gained 1)
There is an open door here.
Things that are here:
a dagger; a rat skeleton
There is an open door here.
Things that are here:
a dagger; a rat skeleton
i - 4 emerald potions (gained 2)
There is an open door here.
Things that are here:
a dagger; a rat skeleton You see here a falchion.
Some of the chunks of flesh in your inventory have rotted away.
Found 13 stones.
A hobgoblin comes into view. It is wielding a club.
The hobgoblin shouts!
Are you sure you want to abandon this character and quit the game? (Confirm with "yes".)

###########.# #### *,
#.......##.##### ###...
*#.⌠.⌠.⌠.#......## ##....#
#.......#)####..## ##..##.#
* *#>......).#
##..###..###.# #
*,*#.......###
##..#..###..# # * #.⌠.⌠.⌠.#
#######...## #.## #
#.......###.......######.#
# ,
#########.@.#####.####...##
.. ,, , *#(.....###
#.........# .#.. ...$...*
######Z##.# #.,... .......
,,, , #.##.. #..,..,
....... * >, #.###Z #... <
, .g..... , , *#.Z.Z. #,...
....... , *, , , #####.
....... * ##


You could see a hobgoblin.

Vanquished Creatures
  A gnoll (D:2)
  2 oozes (D:1)
  4 dart slugs
  2 leopard geckos (D:1)
  3 giant cockroaches
  7 goblins
  6 hobgoblins
  4 jackals
  A kobold (D:1)
  2 quokkas (D:2)
  6 bats
  6 frilled lizards
  3 rats
47 creatures vanquished.

Vanquished Creatures (collateral kills)
  A goblin (D:1)
  A frilled lizard (D:2)
2 creatures vanquished.

Grand Total: 49 creatures vanquished

Notes
Turn   | Place    | Note
-------+----------+-------------------------------------------
     0 | D:1      | sking99 the Deep Dwarf Necromancer began the quest for the Orb.
     0 | D:1      | Reached XP level 1. HP: 15/15 MP: 3/3
     2 | D:1      | Learned a level 1 spell: Animate Skeleton
   223 | D:1      | Reached XP level 2. HP: 19/22 MP: 1/4
   328 | D:1      | Reached skill level 5 in Necromancy
   560 | D:1      | Reached XP level 3. HP: 15/28 MP: 6/6
  1173 | D:2      | Learned a level 3 spell: Vampiric Draining
  1318 | D:2      | Reached XP level 4. HP: 19/36 MP: 7/7
  1486 | D:2      | Quit the game

Skill      XL: |  1  2 |
---------------+-------+-----
Spellcasting   | 2 |  2.4
Necromancy     | 5 |  5.7
Dodging        | |  2.2
Stealth        | |  2.5

Action                   |  1- 3 |  4- 6 || total
-------------------------+-------+-------++-------
Melee: Unarmed           |    13 |       ||    13
       Mace              |    77 |    19 ||    96
 Cast: Pain              |    24 |       ||    24
       Animate Skeleton  |     5 |       ||     5
       Vampiric Draining |     3 |     3 ||     6
 Abil: Heal Wounds       |     1 |       ||     1
 Stab: Sleeping          |     3 |       ||     3
       Distracted        |     1 |       ||     1
  Eat: Chunk             |     2 |     1 ||     3
Armor: Robe              |    12 |     7 ||    19
Dodge: Dodged            |    74 |    27 ||   101
